 Dungeon Crawl Stone Soup version 0.29.1-15-g9cfb28693d (console) character file.

Game seed: 9957392534835363048

7 sentinel the Digger (level 2, 18/20 HPs)
             Began as a Meteoran Earth Elementalist on Sept 10, 2023.
             Quit the game on level 1 of the Dungeon.
             The game lasted 00:00:11 (91 turns).

sentinel the Digger (Meteoran Earth Elementalist)     Turns: 91, Time: 00:00:12

Health: 18/20      AC:  2    Str:  9    XL:     2   Next: 23%
Magic:  6/6        EV:  9    Int: 16    God:
Gold:   0          SH:  0    Dex: 14    Spells: 5/6 levels left

rFire   . . .      SeeInvis .   (no weapon)
rCold   . . .      Faith    .   (no shield)
rNeg    . . .      Spirit   .   a - +0 robe
rPois   .          Reflect  .   (no helmet)
rElec   .          Harm     .   (no cloak)
rCorr   .          Rampage  .   (no gloves)
Will    .....                   (no boots)
Stlth   +.........              (no amulet)
HPRegen 0.06/turn               (no ring)
MPRegen 0.10/turn               (no ring)

@: glowing, constricted
A: sense surroundings 1, otherworldly, glowing, explore regen
a: no special abilities


You were on level 1 of the Dungeon.
You visited 1 branch of the dungeon, and saw 1 of its levels.

Inventory:

Armour
 a - a +0 robe (worn)
Potions
 b - a potion of magic
 c - a potion of attraction {unknown}


   Skills:
 - Level 2.4 Dodging
 - Level 1.4 Stealth
 - Level 2.6 Spellcasting
 - Level 1.2 Transmutations
 + Level 4.3 Earth Magic


You had 5 spell levels left.
You knew the following spells:

 Your Spells              Type           Power      Damage    Failure   Level
a - Sandblast             Erth           30%        2d9       3%          1

Your spell library contained the following spells:

 Spells                   Type           Power      Damage    Failure   Level
 Passwall                 Tmut/Erth      9%         N/A       10%         2
 Stone Arrow              Conj/Erth      18%        3d8       24%         3
 Petrify                  Tmut/Erth      11%        N/A       52%         4


Dungeon Overview and Level Annotations

Branches:
Dungeon (1/15) Zot: 504

Altars:


Innate Abilities, Weirdness & Mutations

You passively map a small area around you.
You are easily found by Zot.
You glow in the dark.
You regain HP and MP as you explore.


Message History

You kill the goblin!
The frilled lizard bites you but does no damage.
You have reached level 2!
Unknown command.
You hit the frilled lizard.
You kill the frilled lizard!
No target in view!
You can't see any susceptible monsters within range! (Use Z to cast anyway.) Unknown command.
You can't see any susceptible monsters within range! (Use Z to cast anyway.) Unknown command.
You can't see any susceptible monsters within range! (Use Z to cast anyway.) Unknown command.
Things that are here:
a +0 short sword of venom; a frilled lizard corpse Unknown command.
You open the door.
A kobold comes into view. It is wielding a +0 short sword.
The kobold shouts!
Found 5 stones and a scroll labelled PACLIR IBRU.
Unknown command.
But you're not safe!
Unknown command.
But you're not safe!
Unknown command.
But you're not safe!
Unknown command.
You hit the kobold but do no damage.
The kobold hits you with a +0 short sword.
You hit the kobold but do no damage. The kobold hits you but does no damage.
The blast of sand hits the kobold.
The kobold is severely wounded.
The kobold hits you with a +0 short sword. x2
Unknown command.
The blast of sand hits the kobold.
You kill the kobold!
Unknown command.
You can't see any susceptible monsters within range! (Use Z to cast anyway.) Unknown command.
You can't see any susceptible monsters within range! (Use Z to cast anyway.) Unknown command.
No target in view!
No target in view!
You can't see any susceptible monsters within range! (Use Z to cast anyway.) Unknown command.
You can't see any susceptible monsters within range! (Use Z to cast anyway.) Unknown command.
You can't see any susceptible monsters within range! (Use Z to cast anyway.) Unknown command.
You can't see any susceptible monsters within range! (Use Z to cast anyway.) Unknown command.
No target in view!
No target in view!
You can't see any susceptible monsters within range! (Use Z to cast anyway.) Unknown command.
You can't see any susceptible monsters within range! (Use Z to cast anyway.) Unknown command.
You can't see any susceptible monsters within range! (Use Z to cast anyway.) Unknown command.
You can't see any susceptible monsters within range! (Use Z to cast anyway.) Unknown command.
Found a faded altar of an unknown god.
There is an open door here.
Things that are here:
a +0 short sword; a kobold corpse Unknown command.
You see here 5 stones.
d - a scroll labelled PACLIR IBRU Unknown command.
Search for what [? for help]? faded Sorry, I don't know how to get there.
You can't go down here!
Unknown command.
There is an open door here.
Things that are here:
a +0 short sword; a kobold corpse HP restored.
Magic restored.
Found 5 stones.
Unknown command.
Search for what [Enter for "faded", or ? for help]? faded Sorry, I don't know how to get there.
You can't go down here!
Magic restored.
Unknown command.
Found a stone staircase leading down.
Unknown command.
Search for what [Enter for "faded", or ? for help]? faded Sorry, I don't know how to get there.
You can't go down here!
Unknown command.
Found a leather armour.
Unknown command.
Unknown command.
Search for what [Enter for "faded", or ? for help]? faded Sorry, I don't know how to get there.
You can't go down here!
Unknown command.
As you read the scroll labelled PACLIR IBRU, it crumbles to dust.
You feel strangely unstable.
It was a scroll of teleportation.
Unknown command.
A ball python comes into view.
There is a stone staircase leading down here.
Unknown command.
Search for what [Enter for "faded", or ? for help]? faded Sorry, I don't know how to get there.
You stop descending the stairs.
Your surroundings seem slightly different.
A bat and a goblin come into view.
Found an escape hatch in the floor.
The ball python bites you. The ball python grabs you.
The ball python constricts you.
There are monsters nearby!
Unknown command.
You aren't carrying any scrolls.
Unknown command.
Unknown command.
There are monsters nearby!
Unknown command.
Search for what [Enter for "faded", or ? for help]? faded Sorry, I don't know how to get there.
You can't go down here!
There are monsters nearby!
Unknown command.
You aren't carrying any scrolls.
Unknown command.
Unknown command.
There are monsters nearby!
Unknown command.
Search for what [Enter for "faded", or ? for help]? faded Sorry, I don't know how to get there.
You can't go down here!
There are monsters nearby!
Unknown command.
You aren't carrying any scrolls.
Unknown command.
Unknown command.
There are monsters nearby!
Unknown command.
Search for what [Enter for "faded", or ? for help]? faded Sorry, I don't know how to get there.
You can't go down here!
There are monsters nearby!
Unknown command.
You aren't carrying any scrolls.
Unknown command.
Unknown command.
There are monsters nearby!
Unknown command.
Unknown command.
Unknown command.
Are you sure you want to abandon this character and quit the game? (Confirm with "yes".)

* * ###...#
#.######...#.###
#......>...#...#
#.........!.# .##
####...........##...
##...................
##......[#####........
#....S....# ###......
#....@....# #......
#.........# #......
#.........# #......
#..>....b.######......
#.....................
#.........######......
#.........# #......
#...g.....# #...... ,
, * ####.#.


You could see a goblin (asleep), a bat and a ball python.

Vanquished Creatures
  A ball python (D:1)
  2 goblins (D:1)
  2 kobolds (D:1)
  A frilled lizard (D:1)
6 creatures vanquished.

Notes
Turn   | Place    | Note
-------+----------+-------------------------------------------
     0 | D:1      | sentinel the Meteoran Earth Elementalist began the quest
                  | for the Orb.
     0 | D:1      | Reached XP level 1. HP: 14/14 MP: 5/5
    35 | D:1      | Reached skill level 4 in Earth Magic
    37 | D:1      | Reached XP level 2. HP: 20/20 MP: 1/6
    57 | D:1      | Found a faded altar of an unknown god.
    91 | D:1      | Quit the game

Illustrated notes

Levels and vault maps discovered:
D:1:      amcnicky_arrival_choice, layout_rooms,
          shapermc_ecumenical_altar_flowoftime

Skill      XL: |  1 |
---------------+----+-----
Earth Magic    | 4 |  4.3
Dodging        | |  2.4
Stealth        | |  1.4
Spellcasting   | |  2.6
Transmutations | |  1.2

Action                   || total
-------------------------++-------
Melee: Unarmed           ||     3
 Cast: Sandblast         ||     9
  Use: Scroll            ||     1
Armor: Robe              ||     3
